Map: Turbo Cruise '84 LE

Players

КакойТоЗерг - Winner!

  • Race: Zerg Zerg
  • Spawn Location: 3:00

Mez

  • Race: Terran Terran
  • League: Master
  • Spawn Location: 7:00

VOD

Have the link to the VOD?

Description

Time

  • Played on: July 28, 2019, 11:43 p.m.
  • Length: 12:23
Show
View Real Time Build Order
Export as new Build Order

КакойТоЗерг Zerg - Winner!

Build Orders: Hatch First, Muta Ling Bane 

Get SALT Encoding   

  12  0:01  Drone  
  13  0:12  Overlord  
  13  0:18  Drone  
  14  0:31  Drone x2  
  16  0:49  Hatchery  
  15  0:52  Drone  
  15  0:56  Drone  
  17  0:59  Drone  
  18  1:11  Extractor  
  17  1:15  Spawning Pool  
  17  1:18  Drone  
  17  1:20  Drone  
  18  1:29  Drone  
  19  1:41  Drone  
  20  1:50  Drone  
  21  2:02  Queen x2  
  21  2:03  Zergling x4  
  27  2:12  Overlord  
  27  2:21  Hatchery  
  26  2:26  Drone  
  26  2:28  Drone  
  28  2:36  Metabolic Boost  
  28  2:43  Drone  
  28  2:46  Queen  
  28  2:48  Drone  
  28  2:50  Drone  
  32  2:52  Drone  
  32  2:56  Drone x2  
  35  3:01  Overlord  
  35  3:17  Overlord  
  35  3:23  Drone x5  
  35  3:25  Queen  
  42  3:30  Overlord  
  42  3:32  Drone  
  42  3:33  Drone  
  44  3:38  Queen  
  44  3:40  Drone  
  47  3:41  Drone  
  47  3:45  Drone x2  
  50  3:48  Drone x2  
  50  3:54  Baneling Nest  
  50  3:55  Evolution Chamber  
  50  3:59  Drone x2  
  50  4:01  Drone x2  
  54  4:04  Overlord  
  54  4:05  Drone  
  54  4:06  Drone  
  54  4:08  Drone  
  57  4:14  Drone x2  
  59  4:20  Queen x2  
  63  4:32  Zergling x14  
  63  4:33  Queen  
  63  4:37  Zergling x4  
  63  4:38  Zergling x2  
  74  4:48  Overlord x2  
  74  4:50  Zerg Ground Armor Level 1  
  74  5:07  Drone x3  
  74  5:10  Zergling x12  
  83  5:14  Extractor  
  83  5:15  Drone, Extractor  
  83  5:17  Drone  
  83  5:18  Hatchery  
  82  5:23  Evolution Chamber, Drone x2  
  83  5:29  Drone x3  
  83  5:32  Drone  
  83  5:34  Drone x3  
  90  5:39  Overlord x2  
  90  5:42  Lair  
  90  5:44  Hatchery  
  89  5:53  Overlord  
  89  5:58  Zerg Melee Weapons Level 1  
  89  6:00  Baneling x3  
  89  6:06  Extractor  
  89  6:07  Extractor  
  89  6:08  Drone x2  
  89  6:09  Drone x3, Extractor  
  89  6:10  Drone x3  
  95  6:11  Drone x3  
  96  6:23  Overlord x3  
  96  6:24  Zergling x2  
  96  6:25  Zergling x4  
  98  6:31  Zergling x4  
  100  6:35  Zergling x2  
  100  6:37  Zergling x4  
  100  6:38  Zergling x4  
  105  6:41  Centrifical Hooks  
  105  6:45  Overlord x2  
  105  6:46  Zergling x10  
  110  6:57  Baneling x7  
  110  6:58  Zergling x8  
  112  7:03  Zergling x2  
  112  7:05  Zergling x12  
  118  7:13  Zergling x18  
  118  7:14  Zerg Ground Armor Level 2  
  111  7:18  Spire  
  107  7:23  Drone x4  
  107  7:24  Drone  
  112  7:32  Drone x4  
  112  7:36  Drone x3  
  119  7:40  Drone x2  
  117  7:45  Zergling x8  
  117  7:46  Zergling x6  
  115  7:54  Zergling x16  
  119  7:59  Zerg Melee Weapons Level 2  
  119  8:05  Extractor  
  115  8:06  Zergling x22, Extractor  
  115  8:10  Baneling x8  
  122  8:21  Drone x3  
  122  8:22  Drone x3  
  122  8:25  Hatchery  
  127  8:27  Drone x2  
  127  8:33  Zerg Flyer Weapons Level 1  
  129  8:38  Infestation Pit  
  128  8:53  Overlord x2, Mutalisk  
  128  8:54  Mutalisk x11  
  152  9:07  Mutalisk x3  
  157  9:11  Drone  
  157  9:12  Drone x15  
  173  9:17  Drone x3  
  173  9:22  Drone x3  
  173  9:23  Drone  
  179  9:33  Mutalisk  
  179  9:35  Overlord x3  
  181  9:55  Zergling x30  
  181  9:56  Zergling x8  
  186  10:01  Extractor  
  186  10:02  Extractor  
  186  10:03  Hive, Mutalisk x3  
  184  10:09  Baneling x3  
  184  10:10  Baneling  
  184  10:14  Baneling  
  184  10:15  Baneling x16  
  184  10:16  Zergling x32  
  200  10:36  Baneling x5  
  196  10:51  Mutalisk x2  
  196  10:56  Hatchery  
  195  10:58  Mutalisk x4  
  189  11:08  Extractor  
  185  11:17  Zergling x38  
  200  11:21  Baneling x15  
  194  11:36  Mutalisk x4  
  194  11:38  Zergling x4  
  199  11:57  Extractor  
  198  12:06  Baneling x5  
Show
View Real Time Build Order
Export as new Build Order

Mez Terran 

Build Orders: Reaper Expand 

Get SALT Encoding   

  12  0:00  SCV  
  13  0:13  SCV  
  14  0:17  Supply Depot  
  14  0:26  SCV  
  15  0:39  SCV  
  16  0:42  Barracks  
  16  0:48  Refinery  
  16  0:51  SCV  
  17  1:03  SCV  
  18  1:15  SCV  
  19  1:30  Orbital Command  
  19  1:31  Reaper  
  20  1:41  Command Center  
  20  1:55  Barracks  
  20  1:56  SCV  
  21  2:06  Barracks Reactor  
  21  2:09  Barracks  
  21  2:12  SCV  
  22  2:18  Supply Depot  
  22  2:33  SCV  
  23  2:42  Marine x2, Barracks Tech Lab  
  25  2:45  SCV  
  26  2:58  Orbital Command  
  26  2:59  Marine  
  26  3:00  Marine x2  
  26  3:01  Combat Shield  
  26  3:02  Marine  
  26  3:03  SCV  
  31  3:15  SCV  
  31  3:18  Marine x3  
  31  3:19  Supply Depot  
  35  3:25  Marine  
  35  3:27  SCV x2  
  35  3:34  Engineering Bay  
  37  3:37  Marine x3  
  37  3:40  SCV  
  41  3:43  Marine  
  41  3:45  Supply Depot  
  41  3:47  SCV  
  43  3:52  SCV  
  44  3:56  Marine x3  
  44  4:01  Marine  
  44  4:02  Terran Infantry Weapons Level 1  
  48  4:10  SCV x2, Supply Depot  
  49  4:17  Marine x3  
  49  4:21  Stimpack  
  49  4:22  SCV x2  
  54  4:32  Marine  
  54  4:34  SCV x2  
  57  4:41  Command Center  
  57  4:44  Marine x3  
  60  4:46  SCV  
  60  4:51  Marine  
  60  4:52  SCV  
  63  4:55  Factory  
  63  4:58  Refinery, SCV  
  63  4:59  Refinery  
  64  5:01  Marine  
  64  5:03  Marine x2  
  64  5:04  SCV  
  68  5:09  Marine  
  68  5:10  SCV  
  70  5:26  Barracks Reactor  
  70  5:34  Supply Depot  
  70  5:35  Supply Depot  
  70  5:37  Barracks  
  70  5:38  Barracks  
  70  5:40  Factory Reactor  
  70  5:42  Starport  
  70  5:53  SCV x2, Marine x2  
  74  6:02  Marine x3  
  77  6:05  SCV x2  
  79  6:15  Terran Infantry Armor Level 1  
  79  6:17  SCV x2  
  80  6:18  Marine x2  
  80  6:19  Marine  
  80  6:21  Supply Depot  
  80  6:23  Supply Depot  
  81  6:27  Orbital Command  
  81  6:29  SCV x2  
  81  6:30  Marine  
  81  6:32  Barracks Reactor x2  
  84  6:41  SCV x2  
  84  6:42  Medivac x2  
  84  6:43  Command Center  
  84  6:44  Marine x3  
  93  6:53  SCV x2  
  95  6:55  Marine x2  
  95  6:57  SCV  
  98  7:02  Marine  
  98  7:05  SCV x2  
  101  7:12  Supply Depot  
  101  7:13  Supply Depot  
  101  7:15  Marine x7  
  81  7:19  Medivac x2  
  81  7:20  Marine x2  
  78  7:24  SCV x2  
  78  7:28  Barracks  
  78  7:29  Barracks  
  80  7:30  SCV  
  80  7:32  Barracks  
  80  7:33  Bunker, Marine x2  
  80  7:36  SCV  
  84  7:40  Marine x7  
  87  7:51  Marine x2  
  84  7:58  Marine x5  
  84  8:07  Marine  
  84  8:13  Armory  
  84  8:14  Engineering Bay  
  84  8:16  SCV x2  
  84  8:17  SCV x2  
  86  8:24  Marine x5  
  86  8:25  Marine x4  
  93  8:28  SCV  
  93  8:29  SCV x2  
  96  8:36  Marine  
  96  8:37  Marine x2  
  99  8:42  Marine  
  100  8:48  Marine x3  
  100  8:49  Marine x5  
  100  8:53  SCV x3  
  100  8:54  Marine x3  
  114  9:00  Marine  
  115  9:05  SCV x2  
  115  9:06  SCV, Marine x3  
  109  9:12  Marine x6  
  109  9:13  Marine x2  
  109  9:14  Planetary Fortress  
  117  9:17  SCV  
  117  9:18  SCV x2, Marine  
  120  9:30  Marine x4  
  124  9:33  Missile Turret x2  
  124  9:35  Supply Depot x2  
  124  9:37  Supply Depot  
  124  9:38  Marine x8  
  122  9:39  Supply Depot  
  122  9:47  Marine  
  122  9:51  Missile Turret  
  108  10:00  Marine x10  
  108  10:01  Medivac x2  
  108  10:03  SCV x4  
  120  10:14  Supply Depot  
  120  10:15  SCV x3  
  120  10:16  Supply Depot  
  120  10:19  Supply Depot x2  
  123  10:29  Missile Turret  
  123  10:31  Missile Turret  
  123  10:36  Marine x8  
  129  10:51  Missile Turret  
  124  11:00  Missile Turret x2  
  112  11:06  Marine x7  
  112  11:10  Marine  
  112  11:11  Marine x4  
  118  11:14  Missile Turret  
  118  11:16  Missile Turret  
  118  11:17  Missile Turret  
  113  11:24  Marine x7  
  114  11:28  Marine x4  
  115  11:39  Marauder  
  115  11:41  Marine  
  115  11:42  Marine x6  
  115  11:44  Command Center  
  115  11:46  Marine  
  123  11:47  Marine x3  
Tags
 
Add a new tag
Caveats
  • Supply blocks, unpowered buildings, or Contaminate may cause inaccurate times.
  • Supply counts are checked every 10 seconds.